 Dungeon Crawl Stone Soup version 0.26-a0-490-gf8362a0c98 (webtiles) character file.

Game seed: 17253131481744281022

43521 MrRokkomies the Nimble (level 14, -1/111 HPs)
             Began as an Octopode Chaos Knight on Aug 3, 2020.
             Was a Plaything of Xom.
             Slain by an unseen horror (7 damage)
             ... on level 12 of the Dungeon on Aug 4, 2020.
             The game lasted 00:57:58 (35992 turns).

MrRokkomies the Nimble (Octopode Chaos Knight)     Turns: 35992, Time: 00:57:59

Health: -1/111     AC:  4    Str: 19 (20) XL:     14   Next: 24%
Magic:  24/24      EV: 29    Int: 16 (17) God:    Xom [.*....]
Gold:   3247       SH:  5    Dex: 12 (13) Spells: 4/13 levels left

rFire    + . .     SeeInvis .   a - +3 scimitar (flame)
rCold    + + .     Faith    .   (no shield)
rNeg     + . .     Spirit   .   (helmet restricted)
rPois    +         Reflect  +   P - amulet of reflection
rElec    .         Harm     .   r - +4 ring of evasion
rCorr    +         Clarity  +   e - +4 ring of evasion
MR       +....                  v - ring of resist corrosion
Stlth    +++++.....             i - ring of wizardry
HPRegen  0.28/turn              C - ring of positive energy
MPRegen  0.19/turn              L - +6 ring of strength
                                h - ring of protection from cold
                                O - ring of magical power

@: about to teleport
A: almost no armour, stealthy swim, amphibious, 8 rings, constrict 8, repulsion
field 1, iridescent scales 1, rugged brown scales 1, camouflage 1, agile 1,
clarity, cold resistance 1, deterioration 1, dopey 1, fire resistance 1, high mp
1, poison resistance, robust 1, strong 1, gelatinous body 1, MP-powered wands
a: Renounce Religion


You were on level 12 of the Dungeon.
You worshipped Xom.
You were a plaything of Xom.
You visited 3 branches of the dungeon, and saw 19 of its levels.
You also visited: Bailey.

You collected 3247 gold pieces.

Inventory:

Hand Weapons
 a - a +3 scimitar of flaming (weapon)
 b - a +0 scimitar of freezing
 B - the +4 whip of the Bear {drain, Dex+4}
   (You found it on level 7 of the Dungeon)

   A truly terrible weapon, it drains the life of those it strikes.
   It affects your dexterity (+4).
 V - a +1 vorpal falchion
Missiles
 f - 61 boomerangs (quivered)
 y - 3 boomerangs of chaos
 K - 62 poisoned darts
 M - 2 curare-tipped darts
 T - 2 javelins
Magical Staves
 o - an uncursed staff of earth
Jewellery
 d - an uncursed ring of fire
 e - a +4 ring of evasion (right tentacle)
 h - a ring of protection from cold (on tentacle)
 i - a ring of wizardry (on tentacle)
 r - a +4 ring of evasion (left tentacle)
 v - a ring of resist corrosion (on tentacle)
 C - a ring of positive energy (on tentacle)
 L - a +6 ring of strength (on tentacle)
 O - a ring of magical power (on tentacle)
 P - an amulet of reflection (around mantle)
 U - an uncursed ring of wizardry
 W - an uncursed ring of flight
Wands
 n - a wand of iceblast (9)
 q - a wand of enslavement (2)
 s - a wand of flame (8)
 z - a wand of polymorph (26)
 G - a wand of acid (8)
 N - a wand of random effects (11)
 Q - a wand of disintegration (19)
Scrolls
 c - 5 scrolls of enchant armour
 g - 10 scrolls of teleportation
 l - 4 scrolls of fog
 u - 2 scrolls of remove curse
 F - 4 scrolls of identify
 I - 3 scrolls of enchant weapon
 R - a scroll of magic mapping
 S - a scroll of immolation
Potions
 j - 10 potions of curing
 k - 3 potions of haste
 m - 2 potions of resistance
 p - 4 potions of stabbing
 t - 5 potions of magic
 w - 3 potions of berserk rage
 x - 4 potions of lignification
 A - 4 potions of brilliance
 D - 3 potions of flight
 E - 2 potions of invisibility
 J - a potion of degeneration {unknown}
Miscellaneous
 Y - a lightning rod (4/4)


   Skills:
 - Level 10.0 Fighting
 - Level 10.6 Long Blades
 * Level 10.3 Throwing
 + Level 10.9 Dodging
 - Level 10.1 Stealth
 * Level 1.6 Conjurations
 + Level 10.0 Fire Magic
 - Level 8.0 Evocations


You had 4 spell levels left.
You knew the following spells:

 Your Spells              Type           Power        Failure   Level
a - Sticky Flame          Conj/Fire      ###.....     9%          4
b - Fireball              Conj/Fire      ###.......   26%         5

Your spell library contained the following spells:

 Spells                   Type           Power        Failure   Level
 Foxfire                  Conj/Fire      ###.         1%          1
 Conjure Flame            Conj/Fire      ###.....     2%          3
 Inner Flame              Hex/Fire       ###.....     4%          3
 Confusing Touch          Hex            #.......     28%         3
 Gell's Gravitas          Tloc           #.........   28%         3
 Leda's Liquefaction      Hex/Erth       #.........   65%         4
 Petrify                  Tmut/Erth      #.......     65%         4
 Bolt of Magma            Conj/Fire/Erth ##........   47%         5
 Metabolic Englaciation   Hex/Ice        #.........   93%         5
 Yara's Violent Unravell  Hex/Tmut       #.........   93%         5
 Iron Shot                Conj/Erth      #.........   100%        6
 Statue Form              Tmut/Erth      #........    100%        6
 Shatter                  Erth           #.........   100%        9


Dungeon Overview and Level Annotations

Branches:
Dungeon (12/15)            Temple (0/1) D:7            Lair (6/6) D:8
  Swamp (0/4) Lair:2        Snake (0/4) Lair:3        Slime (1/5) Lair:5
    Orc (0/2) D:12         Bailey (visited)

Altars:
Ashenzari
Cheibriados
Dithmenos
Fedhas
Hepliaklqana
Kikubaaqudgha
Makhleb
Okawaru
Qazlal
Trog
Uskayaw
Xom
Yredelemnul
Zin
The Shining One

Shops:
D:12 !

Annotations:
D:4 3 runed translucent doors, Napalmbreeze's ghost, amateur BaIE; pupurumpum's ghost, amateur DsFE
D:9 1 runed translucent door, PirateVox's ghost, novice GnCj


Innate Abilities, Weirdness & Mutations

You cannot wear most types of armour.
You are very stealthy in the water. (Stealth+)
You are amphibious.
You can wear up to eight rings at the same time.
You can use your tentacles to constrict eight enemies at once.
Your skin changes colour to match your surroundings (Stealth+).
Your rubbery body absorbs attacks. (AC +1, EV +1)
You are surrounded by a mild repulsion field. (EV +2)
You are partially covered in iridescent scales. (AC +2)
You are partially covered in rugged brown scales. (AC +1, +3% HP)
You are agile. (Dex +2)
You possess an exceptional clarity of mind.
Your flesh is cold resistant. (rC+)
Your body sometimes deteriorates upon taking damage.
You are dopey. (Int -2)
Your flesh is heat resistant. (rF+)
You have an increased reservoir of magic. (+10% MP)
Your system is resistant to poisons. (rPois)
You are robust. (+10% HP)
Your muscles are strong. (Str +2)
You expend magic power (3 MP) to strengthen your wands.


Message History

* * * LOW HITPOINT WARNING * * *
Deactivating autopickup; reactivate with Ctrl-A.
You block the boggart's attack. The shadow completely misses you.
You slash the boggart! You burn the boggart.
You kill the boggart!
The sky beast returns to its original shape as it dies.
The shadow dissolves into shadows!
Something misses you. Something closely misses you.
You see here a sky beast corpse.
As you read the scroll of fear, it crumbles to dust.
You assume a fearsome visage.
The green ugly thing looks frightened! x2
The yak looks frightened!
As you read the scroll of teleportation, it crumbles to dust.
You feel strangely unstable. Something closely misses you.
Cornered, the green ugly thing turns to fight!
Something misses you. Something misses you.
Cornered, the yak turns to fight!
Something hits you!
You die...
Xom chuckles heartily!

#.#'#.#.#.# #.#.#.#..
#.....#.#.'.#.#.+.#..
#.#######.#.###'###.#..
#.........#.........#..
#####.#########.#####.. ## ####
#.....######..###..#.. #.. #..#
#.###....#..#.#..#.#.. Y. #..
##.#.#.##.##.##.#.###..
#####.#.###..u..@.#.####..##..#..
........auY.##.8.##....###.##....
###.#.#####.#|......##.##..#.##..
# #.##.#.#.####..##..##..
#....###.###.#.#.##.#..
####.....##..##..#ยง)#..
#######.#########.#####..
..............b....b.....
..............b..........


You could see 2 ugly things and a yak.

Vanquished Creatures
  3 hydras
  A catoblepas (Lair:2)
  2 two-headed ogres (D:11)
  A centaur warrior (D:12)
  Nergalle (D:10)
  A fire crab (shapeshifter) (D:12)
  An orc knight (Bailey)
  An unseen horror (D:11)
  A swamp dragon (Lair:5)
  Pikel (D:4)
  A harpy (shapeshifter) (Lair:3)
  4 ugly things
  A manticore (D:12)
  Joseph (D:8)
  4 elephants (Lair:6)
  2 black mambas (Lair:4)
  A torpor snail (Lair:3)
  8 cane toads
  5 komodo dragons
  An efreet (D:11)
  3 trolls
  A meliai (Lair:4)
  9 blink frogs
  9 hippogriffs
  5 wyverns
  49 yaks
  A steam dragon (D:9)
  2 basilisks
  A golden eye (Lair:5)
  A swamp worm (Lair:2)
  A soldier ant (D:12)
  2 insubstantial wisps (D:9)
  An acid dragon (D:12)
  A naga (Lair:3)
  5 water moccasins
  19 porcupines
  4 sky beasts
  2 ice beasts
  5 orc warriors
  3 phantoms
  A black bear (D:10)
  A boggart (D:12)
  8 wolves
  7 ogres
  A necrophage (D:11)
  3 lemures (D:4)
  7 centaurs
  10 crocodiles
  4 big kobolds
  15 bullfrogs
  2 gnoll sergeants
  A water moccasin skeleton (D:10)
  A wyvern skeleton (D:6)
  4 killer bees (D:7)
  2 scorpions
  2 wights (D:12)
  5 howler monkeys
  2 electric eels
  A centaur zombie (D:9)
  A bullfrog zombie (D:12)
  3 hounds
  8 orc priests
  A centaur skeleton (D:5)
  11 jellies
  12 orc wizards
  3 bullfrog skeletons
  An iguana (D:10)
  10 worker ants
  A hound zombie (D:11)
  A hound skeleton (D:6)
  23 gnolls
  13 adders
  3 shadow imps
  4 white imps
  3 ufetubi
  3 oozes (Lair:5)
  An adder skeleton (D:5)
  A worm (D:2)
  2 dart slugs
  2 leopard geckos
  27 orcs
  4 bats
  3 giant cockroaches
  13 hobgoblins
  17 jackals
  38 kobolds
  3 quokkas
  3 ball pythons
  4 frilled lizards
  11 goblins
  A leopard gecko skeleton (D:5)
  A quokka skeleton (D:7)
  8 rats
  A spectral orc (D:7)
  A plant (Lair:5)
484 creatures vanquished.

Vanquished Creatures (collateral kills)
  A hydra (Lair:6)
  A catoblepas (Lair:3)
  3 death yaks
  2 orc knights (Bailey)
  A bog body (Lair:2)
  8 yaks
  A wyvern (Lair:6)
  A basilisk (Lair:3)
  An orc warrior (Bailey)
  2 wolves (Lair:1)
  A jelly (D:8)
  An orc (D:11)
  A hobgoblin (Bailey)
  A fungus (Lair:3)
  A plant (Lair:3)
26 creatures vanquished.

Vanquished Creatures (others)
  A cane toad (Lair:1)
  2 yaks
  A sky beast (D:9)
  A crocodile (Lair:5)
  2 hounds
  14 fungi
  5 plants
  A withered plant (D:4)
27 creatures vanquished.

Grand Total: 537 creatures vanquished

Notes
Turn   | Place    | Note
-------+----------+-------------------------------------------
     0 | D:1      | MrRokkomies the Octopode Chaos Knight began the quest for
                  | the Orb.
     0 | D:1      | Reached XP level 1. HP: 16/16 MP: 1/1
   132 | D:1      | XOM: silly message
   205 | D:1      | XOM: silly message
   302 | D:1      | Reached XP level 2. HP: 18/21 MP: 2/2
   459 | D:1      | Reached skill level 1 in Stealth
   594 | D:1      | XOM is BORED!
   594 | D:1      | XOM: give mutation
   594 | D:1      | Gained mutation: You are surrounded by a mild repulsion
                  | field. (EV +2) [Xom's mischief]
   632 | D:1      | Reached XP level 3. HP: 25/26 MP: 3/3
   726 | D:1      | XOM: divination: detect creatures
  1185 | D:1      | XOM: silly message
  1525 | D:1      | XOM: cloud trail
  1659 | D:1      | XOM: cloud trail
  2413 | D:1      | XOM: scenery: create altars
  2529 | D:1      | XOM: scenery: summon butterflies
  2598 | D:1      | XOM is BORED!
  3384 | D:1      | XOM: give mutation
  3384 | D:1      | Gained mutation: You evolve. [Xom's grace]
  3881 | D:2      | XOM: give mutations
  3881 | D:2      | Gained mutation: You possess an exceptional clarity of
                  | mind. [Xom's grace]
  3881 | D:2      | Gained mutation: You are partially covered in icy blue
                  | scales. (AC +2) [Xom's grace]
  3881 | D:2      | Gained mutation: You are resistant to electric shocks.
                  | (rElec) [Xom's grace]
  3996 | D:2      | Found a bloodstained altar of Trog.
  4045 | D:2      | XOM: 4-stop teleportation journey
  4109 | D:2      | XOM: cloud trail
  4361 | D:2      | Found a shattered altar of Ashenzari.
  4440 | D:2      | Found a radiant altar of Vehumet.
  4442 | D:2      | Found an opulent altar of Gozag.
  4442 | D:2      | Found a hazy altar of Hepliaklqana.
  4444 | D:2      | Found a basalt altar of Yredelemnul.
  4444 | D:2      | Found a blossoming altar of Fedhas.
  4444 | D:2      | Found a shimmering altar of Xom.
  5696 | D:2      | XOM: god gift: wand of enslavement (7)
  6611 | D:2      | XOM: give mutations
  6611 | D:2      | Gained mutation: Your flesh is heat resistant. (rF+) [Xom's
                  | grace]
  6611 | D:2      | Gained mutation: You have an increased reservoir of magic.
                  | (+10% MP) [Xom's grace]
  6611 | D:2      | Gained mutation: You expend magic power (3 MP) to
                  | strengthen your wands. [Xom's grace]
  6611 | D:2      | Gained mutation: You are partially covered in rugged brown
                  | scales. (AC +1, +3% HP) [Xom's grace]
  7658 | D:2      | XOM: silly message
  7760 | D:2      | XOM is BORED!
  8337 | D:2      | XOM: noise
  9175 | D:2      | XOM: god gift: chain mail {god gift}
 10765 | D:2      | XOM: divination: detect creatures
 11013 | D:2      | XOM: divination: detect creatures
 11419 | D:2      | Touched by the power of Zot.
 11477 | D:3      | Found a hide-covered altar of Uskayaw.
 11498 | D:3      | Reached XP level 4. HP: 32/32 MP: 4/4
 11536 | D:3      | XOM: scenery: 1 doors open
 11770 | D:3      | XOM: silly message
 12584 | D:3      | Gained mutation: You are robust. (+10% HP) [evolution]
 12597 | D:3      | XOM: give mutations
 12597 | D:3      | Gained mutation: You are dopey. (Int -2) [Xom's mischief]
 12597 | D:3      | Lost mutation: You are dopey. (Int -2) [Xom's mischief]
 13614 | D:3      | XOM: noise
 13691 | D:3      | XOM: summons 3 hostile demons
 13694 | D:4      | XOM: blink monster(s)
 13702 | D:4      | Reached XP level 5. HP: 18/41 MP: 5/5
 13702 | D:4      | HP: 1/41 [orc priest/divine providence (17)]
 13703 | D:4      | XOM: blink monster(s)
 13726 | D:4      | Reached skill level 5 in Dodging
 13726 | D:4      | Reached XP level 6. HP: 11/56 MP: 6/6
 13733 | D:4      | Found a snail-covered altar of Cheibriados.
 13752 | D:5      | Entered Level 5 of the Dungeon
 13763 | D:5      | Reached XP level 7. HP: 10/62 MP: 7/7
 14028 | D:5      | Found a glowing silver altar of Zin.
 14267 | D:5      | Found a glowing golden altar of the Shining One.
 14285 | D:4      | Noticed Pikel
 14286 | D:4      | XOM: chaos cloud
 14290 | D:4      | Paralysed by you for 4 turns
 14293 | D:4      | Found an iron altar of Okawaru.
 14830 | D:4      | XOM: summons 1 hostile demon
 14843 | D:4      | Killed Pikel
 14843 | D:4      | Reached XP level 8. HP: 38/71 MP: 8/8
 14882 | D:4      | XOM: 8-stop teleportation journey
 15060 | D:4      | Found a runed translucent gate.
 15060 | D:4      | Found a runed translucent gate.
 15061 | D:4      | Found a runed translucent gate.
 15065 | D:4      | Noticed Napalmbreeze's ghost (amateur BaIE)
 15065 | D:4      | Noticed pupurumpum's ghost (amateur DsFE)
 15419 | D:5      | Found a shadowy altar of Dithmenos.
 16304 | D:5      | XOM: draining
 16428 | D:5      | Gained mutation: Your flesh is cold resistant. (rC+)
                  | [evolution]
 16510 | D:6      | XOM: god gift: 1360 gold pieces
 16515 | D:6      | XOM: scenery: create altars
 16528 | D:6      | XOM: cleaving
 16533 | D:6      | XOM: divination: magic mapping
 16537 | D:6      | Reached XP level 9. HP: 42/76 MP: 9/9
 16778 | D:6      | XOM: divination: magic mapping
 16934 | D:6      | XOM: god gift: 27 gold pieces
 17050 | D:6      | XOM: butterfly on damage
 17866 | D:6      | XOM: silly message
 18361 | D:6      | XOM: 9-stop teleportation journey
 18427 | D:6      | XOM: give mutations
 18427 | D:6      | Gained mutation: One of your tentacles bears a spike.
                  | [Xom's grace]
 18427 | D:6      | Gained mutation: Your flesh is very heat resistant. (rF++)
                  | [Xom's grace]
 18485 | D:7      | Found a burning altar of Makhleb.
 18534 | D:7      | Found a flagged portal.
 18554 | Bailey   | Entered a bailey
 18595 | Bailey   | XOM: chaos upgrade
 18599 | Bailey   | Noticed an orc knight
 18609 | Bailey   | Noticed an orc knight
 18612 | Bailey   | Noticed an orc knight
 18615 | Bailey   | XOM: butterfly on damage
 18628 | Bailey   | XOM: confuse monster(s)
 18759 | Bailey   | Killed an orc knight
 18767 | Bailey   | Killed an orc knight
 18786 | Bailey   | Killed an orc knight
 18815 | Bailey   | XOM: silly message
 19177 | D:7      | Reached XP level 10. HP: 84/84 MP: 11/11
 19183 | D:7      | Found an ancient bone altar of Kikubaaqudgha.
 19254 | D:7      | XOM: silly message
 19345 | D:7      | XOM: silly message
 19391 | D:7      | Found a staircase to the Ecumenical Temple.
 19630 | D:7      | Got a smoking whip
 19631 | D:7      | Identified the +4 whip of the Bear {drain, Dex+4} (You
                  | found it on level 7 of the Dungeon)
 19752 | D:7      | XOM: summons 3 hostile demons
 19958 | D:7      | Found a basalt altar of Yredelemnul.
 20221 | D:8      | Reached skill level 10 in Fighting
 20266 | D:8      | XOM: give mutations
 20266 | D:8      | Lost mutation: You expend magic power (3 MP) to strengthen
                  | your wands. [Xom's mischief]
 20266 | D:8      | Lost mutation: You are resistant to electric shocks.
                  | (rElec) [Xom's mischief]
 20282 | D:8      | XOM: noise
 20284 | D:8      | Noticed Joseph
 20295 | D:8      | XOM: smoke on damage
 20298 | D:8      | Killed Joseph
 20298 | D:8      | Reached skill level 10 in Long Blades
 20298 | D:8      | Reached skill level 1 in Evocations
 20903 | D:8      | Found a staircase to the Lair.
 20968 | D:8      | XOM: divination: detect items
 21093 | Lair:1   | XOM: noise
 21093 | Lair:1   | Entered Level 1 of the Lair of Beasts
 21162 | Lair:1   | XOM: silly message
 21195 | Lair:1   | XOM: summons 4 friendly demons
 21371 | Lair:1   | XOM: potion effect (haste)
 21926 | Lair:1   | Noticed a cane toad
 21928 | Lair:1   | XOM: confuse monster(s)
 21937 | Lair:1   | Banished a cane toad
 22130 | Lair:2   | XOM: god gift: 20 arrows
 22182 | Lair:2   | Noticed a cane toad
 22194 | Lair:2   | Killed a cane toad
 22194 | Lair:2   | Reached skill level 10 in Stealth
 22194 | Lair:2   | Reached XP level 11. HP: 79/91 MP: 12/12
 22382 | Lair:2   | Lost mutation: One of your tentacles bears a spike.
                  | [evolution]
 22382 | Lair:2   | Lost mutation: You evolve. [end of evolution]
 22501 | Lair:2   | Identified the +8 bardiche of a Million Demons {holy,
                  | +Blink MR+ Stlth+} (You found it on level 2 of the Lair of
                  | Beasts)
 22519 | Lair:2   | XOM: summons friendly quasit
 22737 | Lair:2   | Upgraded the game from 0.26-a0-489-g112e8ad46e to
                  | 0.26-a0-490-gf8362a0c98
 22753 | Lair:2   | XOM: summons 6 friendly demons
 22770 | Lair:2   | Reached skill level 1 in Throwing
 22784 | Lair:2   | XOM: summons friendly crimson imp
 22804 | Lair:2   | Learned a level 4 spell: Sticky Flame
 22967 | Lair:2   | XOM: god gift: 16 stones
 23338 | Lair:2   | Reached skill level 1 in Fire Magic
 23412 | Lair:2   | XOM: scenery: create altars
 23452 | Lair:2   | XOM: cloud trail
 23514 | Lair:2   | Found a staircase to the Swamp.
 23775 | Lair:3   | Noticed a five-headed hydra
 23775 | Lair:3   | Noticed a catoblepas
 23888 | Lair:3   | XOM: summons 3 friendly demons
 23930 | Lair:3   | XOM: scenery: create altars
 23953 | Lair:3   | Found a staircase to the Snake Pit.
 23959 | Lair:3   | XOM: polymorph bullfrog -> swamp drake
 23971 | Lair:3   | XOM: polymorph swamp drake -> shapeshifter
 23983 | Lair:3   | XOM: scenery: summon butterflies
 23986 | Lair:3   | XOM: summons 10 friendly demons
 24005 | Lair:3   | XOM: polymorph butterfly -> glowing shapeshifter
 24224 | Lair:3   | XOM: 2-stop teleportation journey
 24261 | Lair:3   | Killed a catoblepas
 24264 | Lair:3   | XOM: polymorph five-headed hydra -> catoblepas
 24446 | Lair:2   | Killed a catoblepas
 24800 | Lair:3   | XOM: swap monsters
 24803 | Lair:3   | XOM: 9-stop teleportation journey
 24808 | Lair:3   | XOM: cast spell 'Summon Mana Viper'
 24814 | Lair:3   | XOM: scenery: create altars
 25149 | Lair:3   | XOM: potion effect (invisibility)
 25160 | Lair:3   | XOM: potion effect (might)
 25167 | Lair:3   | Reached XP level 12. HP: 98/98 MP: 13/13
 25172 | Lair:3   | Reached skill level 5 in Throwing
 25255 | Lair:3   | Reached skill level 5 in Evocations
 25256 | Lair:3   | XOM: give mutation
 25256 | Lair:3   | Gained mutation: You are dopey. (Int -2) [Xom's mischief]
 25319 | Lair:3   | XOM: polymorph rime drake -> shapeshifter
 25324 | Lair:3   | Reached skill level 5 in Fire Magic
 25327 | Lair:3   | XOM: fog
 25336 | Lair:3   | XOM: potion effect (stabbing)
 25369 | Lair:3   | XOM: destruction
 25705 | Lair:3   | XOM: god gift: scroll of random uselessness
 25995 | Lair:3   | XOM: summons 1 hostile shadow creature
 26250 | Lair:4   | Noticed a six-headed hydra
 26251 | Lair:4   | XOM: confuse monster(s)
 26263 | Lair:4   | XOM: enchant monster (bad)
 26271 | Lair:4   | Killed a six-headed hydra
 26389 | Lair:4   | XOM: 1-stop teleportation journey
 26685 | Lair:4   | Noticed a five-headed hydra
 26686 | Lair:4   | XOM: noise
 26693 | Lair:4   | Killed a five-headed hydra
 27048 | Lair:4   | XOM: silly message
 27060 | Lair:4   | XOM: summons 3 friendly demons
 27148 | Lair:4   | XOM: enchant monster (good)
 27151 | Lair:4   | XOM: 2-stop teleportation journey
 27545 | Lair:4   | XOM: polymorph blink frog -> black mamba
 27553 | Lair:4   | XOM: polymorph blink frog -> meliai
 27674 | Lair:4   | XOM: noise
 27802 | Lair:4   | Learned a level 5 spell: Fireball
 27874 | Lair:5   | Found a staircase to the Slime Pits.
 28145 | Lair:5   | XOM is BORED!
 28145 | Lair:5   | XOM: give mutations
 28145 | Lair:5   | Lost mutation: You are partially covered in icy blue
                  | scales. (AC +2) [Xom's mischief]
 28145 | Lair:5   | Gained mutation: Your body sometimes deteriorates upon
                  | taking damage. [Xom's mischief]
 28145 | Lair:5   | Gained mutation: Your muscles are strong. (Str +2) [Xom's
                  | mischief]
 28313 | Lair:5   | Lost mutation: Your flesh is very heat resistant. (rF++)
                  | [potion of mutation]
 28313 | Lair:5   | Lost mutation: You are dopey. (Int -2) [potion of mutation]
 28313 | Lair:5   | Gained mutation: You are agile. (Dex +2) [potion of
                  | mutation]
 28313 | Lair:5   | Gained mutation: You are dopey. (Int -2) [potion of
                  | mutation]
 28313 | Lair:5   | Gained mutation: You expend magic power (3 MP) to
                  | strengthen your wands. [potion of mutation]
 28407 | Lair:5   | XOM: summons 1 hostile shadow creature
 28440 | Lair:5   | XOM: smoke on damage
 28443 | Lair:5   | XOM: polymorph blink frog -> big kobold
 28445 | Lair:5   | XOM: polymorph big kobold -> golden eye
 28446 | Lair:5   | Reached XP level 13. HP: 94/103 MP: 14/14
 28449 | Lair:5   | Reached skill level 10 in Dodging
 29431 | Slime:1  | Entered Level 1 of the Pits of Slime
 29432 | Slime:1  | Noticed an acid blob
 29525 | Lair:6   | Entered Level 6 of the Lair of Beasts
 29539 | Lair:6   | XOM: 1-stop teleportation journey
 29572 | Lair:6   | XOM: destruction
 29573 | Lair:6   | XOM: summons 13 friendly demons
 29593 | Lair:6   | XOM: scenery: summon butterflies
 29617 | Lair:5   | XOM: summons friendly rust devil
 29903 | Lair:6   | XOM: summons 4 friendly demons
 29933 | Lair:6   | XOM: divine lightning
 29934 | Lair:6   | XOM: enchant monster (good)
 29991 | Lair:6   | Noticed a storm dragon
 29991 | Lair:6   | an eight-headed hydra changed into a storm dragon
 30000 | Lair:5   | XOM: summons 13 friendly demons
 30150 | Lair:5   | XOM: god gift: scratched bone ring {god gift}
 30373 | Lair:6   | XOM: scenery: create altars
 30389 | Lair:6   | XOM: divination: detect items
 30392 | Lair:6   | XOM: confuse monster(s)
 30394 | Lair:6   | XOM: god gift: 12 arrows
 30421 | Lair:6   | XOM: potion effect (magic)
 30713 | Lair:6   | XOM: smoke on damage
 31030 | D:9      | Found a runed translucent door.
 31030 | D:9      | Found a shimmering altar of Xom.
 31030 | D:9      | Noticed PirateVox's ghost (novice GnCj)
 31035 | D:9      | XOM: potion effect (brilliance)
 31036 | D:9      | XOM: silly message
 31090 | D:9      | XOM: divination: detect creatures
 31207 | D:9      | Found a stormy altar of Qazlal.
 31245 | D:9      | Found a blossoming altar of Fedhas.
 31309 | D:9      | XOM: 3-stop teleportation journey
 31675 | D:9      | XOM: noise
 31943 | D:10     | Entered Level 10 of the Dungeon
 32158 | D:10     | Noticed Nergalle
 32166 | D:10     | XOM: divination: detect items
 32169 | D:10     | Killed Nergalle
 32311 | D:10     | XOM: god gift: ring mail {god gift}
 32677 | D:10     | XOM: silly message
 33057 | D:11     | XOM: polymorph purple ugly thing -> white ugly thing
 33149 | D:11     | XOM: scenery: 1 doors open, 1 doors close
 33310 | D:11     | XOM: give mutations
 33310 | D:11     | Gained mutation: You are partially covered in iridescent
                  | scales. (AC +2) [Xom's grace]
 33310 | D:11     | Gained mutation: Your system is resistant to poisons.
                  | (rPois) [Xom's grace]
 33402 | D:11     | XOM: silly message
 33574 | D:11     | XOM: enchant monster (good)
 33776 | D:11     | XOM: 3-stop teleportation journey
 33859 | D:11     | XOM: noise
 33889 | D:11     | XOM: scenery: 3 doors close
 33946 | D:11     | XOM: smoke on damage
 34468 | D:11     | XOM: god gift: scroll of fog
 34563 | D:11     | Reached XP level 14. HP: 78/111 MP: 15/15
 34724 | D:11     | XOM: silly message
 34737 | D:12     | Found a staircase to the Orcish Mines.
 34737 | D:12     | Found Karurum's Distillery.
 34753 | D:12     | XOM: scenery: summon butterflies
 34762 | D:12     | XOM: fog
 34790 | D:12     | XOM: polymorph eye of draining -> soldier ant
 34794 | D:12     | XOM: cloud trail
 34800 | D:12     | XOM: noise
 34822 | D:12     | XOM: god gift: 22 sling bullets
 34864 | D:12     | XOM: god gift: 12 stones
 34958 | D:12     | Reached skill level 10 in Throwing
 35320 | D:12     | Reached skill level 10 in Fire Magic
 35382 | D:12     | XOM: silly message
 35424 | D:12     | XOM is BORED!
 35424 | D:12     | XOM: silly message
 35591 | D:12     | XOM: divination: magic mapping
 35661 | D:12     | Reached skill level 1 in Conjurations
 35953 | D:12     | XOM: 3-stop teleportation journey
 35980 | D:12     | XOM: polymorph sky beast -> boggart
 35985 | D:12     | HP: 4/111 [something (7)]
 35992 | D:12     | Slain by an unseen horror

Illustrated notes

Levels and vault maps discovered:
D:1:      dpeg_arrival_round_c, layout_basic, hangedman_decor_clover_reticule
D:2:      layout_rooms, lightli_temple_of_fire, marbit_many_paths,
          doesnt_xom_only_xom
D:3:      layout_basic, eat_drink_and_be_merry_uskayaw, amethyst_killhole
D:4:      layout_loops_ring, nicolae_overflow_hidden_temple,
          gammafunk_ghost_cemetery, lemuel_tele_altar, uniq_pikel
D:5:      layout_gridville, kennysheep_mini_moat, old_standard_altar,
          lemuel_coloured_pillars_altar
D:6:      layout_loops_ring, minmay_misc_feat_hallway,
          minmay_misc_feat_more_columns, kennysheep_generic_room_14
D:7:      layout_basic, old_standard_altar, yredelemnul_forgotten_temple_becter,
          lemuel_round_altar, temple_pool_b, enter_bailey_3
D:8:      layout_basic, lair_entry_dummy, uniq_joseph
D:9:      layout_long_grid, old_standard_altar, grunt_qazlal_clouds,
          ebering_ghost_xom, hangedman_misty_isle
D:10:     layout_basic, uniq_nergalle
D:11:     layout_roguey
D:12:     minmay_the_grid_3x3 [minmay_the_grid_rooms, minmay_the_grid_spikes,
          minmay_the_grid_paths, minmay_the_grid_small_cups,
          minmay_the_grid_minigrid_medium, minmay_the_grid_all_tris,
          minmay_the_grid_doors, minmay_the_grid_outer_circle,
          minmay_the_grid_prize_shrinking_boxes], layout_irregular_city,
          serial_shops, shop
Lair:1:   layout_roguey, uniq_fannar
Lair:2:   layout_regular_city, nicolae_swamp_entry_splash_gauntlet
Lair:3:   layout_misc_corridors, guppyfry_snake_entry_garden,
          beast_lair_carwin_8
Lair:4:   layout_small_grid
Lair:5:   layout_regular_city, nicolae_slime_entry_slimehenge, serial_bayou,
          serial_bayou_lagoon_a, serial_bayou_pond_e, serial_bayou_shore_b,
          serial_bayou_crossing, hibernation_bobbens
Lair:6:   guppyfry_lair_end_dragon, layout_misc_corridors, lemuel_fruit_fields
Slime:1:  layout_caves

Skill      XL: |  1  2  3  4  5  6  7  8  9 10 11 12 13 14 |
---------------+-------------------------------------------+-----
Stealth        | 1 2 7 8 9 10 | 10.1
Fighting       | 4 8 9 10 | 10.0
Long Blades    | 4 8 9 10 | 10.6
Dodging        | 3 5 6 8 9 10 | 10.9
Evocations     | 2 4 6 8 |  8.0
Throwing       | 4 7 9 10 | 10.3
Fire Magic     | 4 7 9 10 | 10.0
Conjurations   | 1 |  1.6

Action                   |  1- 3 |  4- 6 |  7- 9 | 10-12 | 13-15 || total
-------------------------+-------+-------+-------+-------+-------++-------
Melee: Falchion          |    64 |    50 |   247 |   532 |   469 ||  1362
       Constrict         |    21 |    18 |    63 |    65 |    75 ||   242
       Tentacles         |     9 |    11 |    47 |   173 |   222 ||   462
       Kick              |       |       |    16 |    59 |       ||    75
       Whip              |       |       |       |    25 |       ||    25
       Scimitar          |       |       |       |       |   163 ||   163
Throw: Boomerang         |       |     6 |    35 |    58 |    41 ||   140
       Throwing net      |       |       |       |     1 |     1 ||     2
       Dart              |       |       |       |    12 |     3 ||    15
Evoke: Wand              |       |       |    20 |     5 |    11 ||    36
       Box of beasts     |       |       |       |     1 |     1 ||     2
       Phantom mirror    |       |       |       |       |     1 ||     1
  Use: Scroll            |       |    13 |     3 |    16 |     7 ||    39
       Potion            |       |     3 |     4 |     3 |     2 ||    12
 Stab: Sleeping          |     4 |     4 |    16 |    20 |    16 ||    60
       Paralysed         |       |     1 |     2 |     6 |       ||     9
       Invisible         |       |     1 |     2 |     9 |       ||    12
       Petrified         |       |       |     6 |     5 |       ||    11
       Petrifying        |       |       |     1 |     3 |     1 ||     5
       Confused          |       |       |     1 |       |     3 ||     4
       Distracted        |       |       |       |     6 |     3 ||     9
       Held in net/web   |       |       |       |     1 |     1 ||     2
Armor: Skin              |     7 |     4 |    14 |   115 |    19 ||   159
Dodge: Dodged            |    48 |    48 |   362 |   520 |   544 ||  1522
Block: Other             |       |       |       |     7 |   128 ||   135
       Reflection        |       |       |       |       |     5 ||     5
       Rpst.: Falchion   |    11 |    13 |    65 |   128 |    86 ||   303
       Scimitar          |       |       |       |       |    30 ||    30

Table legend: (Time is in decaauts)
 A = Elapsed time spent in this place.
 B = Non-inter-level travel time spent in this place.
 C = Inter-level travel time spent in this place.
 D = Time resting spent in this place.
 E = Time spent auto-exploring this place.
 F = Levels seen in this place.
 G = Mean time per level.
                   A        B        C        D        E       F      G
               +--------+--------+--------+--------+--------+-----+--------+
         Total |  35713 |  35019 |    694 |  16616 |  14697 |  20 | 1785.7 |
       Dungeon |  25537 |  25220 |    317 |  13954 |   9281 |  12 | 2128.1 |
          Lair |   9767 |   9391 |    376 |   2661 |   5317 |   6 | 1627.8 |
    Slime Pits |     15 |     15 |      0 |      0 |      0 |   1 |   15.0 |
        Bailey |    392 |    392 |      0 |      0 |     98 |   1 |  392.0 |
               +--------+--------+--------+--------+--------+-----+--------+

Top non-repeatable levels by time:
     D:2: 7631 daAuts
     D:1: 3813 daAuts
  Lair:5: 2441 daAuts
  Lair:2: 2305 daAuts
     D:3: 2260 daAuts
     D:6: 1977 daAuts
  Lair:3: 1891 daAuts
     D:5: 1795 daAuts
    D:11: 1666 daAuts
  Lair:4: 1587 daAuts
    D:12: 1235 daAuts
     D:7: 1136 daAuts
     D:8: 1102 daAuts
    D:10: 1067 daAuts
     D:4: 956 daAuts
